Map: Proxima Station LE

Players

TempO

  • Race: Zerg Zerg
  • League: Master
  • Spawn Location: 1:00

Maplez - Winner!

  • Race: Protoss Protoss
  • League: Master
  • Spawn Location: 7:00

VOD

Have the link to the VOD?

Description

Time

  • Played on: May 1, 2017, 4:09 p.m.
  • Length: 8:47
Show
View Real Time Build Order
Export as new Build Order

TempO Zerg 

Build Orders: Hatch First 

Get SALT Encoding   

  12  0:01  Drone  
  13  0:15  Overlord  
  13  0:19  Drone  
  14  0:34  Drone x2  
  16  0:38  Drone  
  17  0:54  Hatchery  
  17  0:56  Drone  
  17  1:07  Drone, Extractor  
  17  1:17  Spawning Pool  
  16  1:20  Drone  
  17  1:35  Drone  
  18  1:44  Overlord  
  18  2:04  Queen  
  18  2:05  Zergling x4  
  18  2:07  Queen  
  24  2:12  Metabolic Boost  
  24  2:14  Drone  
  25  2:17  Drone  
  25  2:18  Drone  
  27  2:24  Drone  
  28  2:41  Drone x3  
  28  2:42  Drone  
  32  2:52  Hatchery  
  32  2:57  Overlord  
  31  3:04  Queen  
  33  3:09  Drone  
  34  3:15  Drone  
  35  3:22  Drone x5  
  40  3:30  Spore Crawler  
  40  3:33  Spore Crawler  
  37  3:41  Drone x2  
  37  3:42  Drone x4  
  43  3:50  Lair  
  43  3:53  Drone  
  44  3:57  Overlord  
  44  4:01  Extractor  
  43  4:07  Drone  
  43  4:08  Queen  
  43  4:09  Overlord  
  46  4:17  Drone x3  
  46  4:18  Drone  
  46  4:21  Overlord  
  50  4:27  Drone x6  
  56  4:31  Overlord  
  56  4:40  Drone x5  
  56  4:42  Drone  
  62  4:47  Extractor  
  62  4:50  Drone  
  62  4:52  Hydralisk Den  
  61  4:56  Overlord  
  61  4:58  Drone x3  
  64  5:03  Overlord  
  64  5:04  Overlord  
  64  5:15  Overlord  
  64  5:20  Extractor x2  
  62  5:24  Hydralisk x2  
  62  5:25  Hydralisk x5  
  62  5:26  Extractor  
  75  5:35  Baneling Nest  
  74  5:39  Drone  
  74  5:40  Drone x5  
  80  5:51  Muscular Augments, Hydralisk  
  80  5:53  Overlord  
  80  5:56  Hydralisk  
  84  6:04  Hydralisk  
  84  6:06  Hydralisk  
  84  6:08  Zergling x2  
  84  6:09  Overlord x2, Zergling x2  
  90  6:13  Hydralisk  
  90  6:14  Hydralisk  
  90  6:17  Hydralisk  
  91  6:21  Hydralisk  
  91  6:23  Overlord  
  93  6:30  Hydralisk x2  
  97  6:34  Hydralisk x2  
  97  6:38  Hydralisk  
  103  6:44  Hydralisk x2  
  107  6:48  Hydralisk  
  109  6:55  Hydralisk x2  
  109  6:58  Zergling x6  
  109  7:01  Zergling x4  
  118  7:05  Baneling x6  
  118  7:07  Zergling x2  
  118  7:08  Zergling x2  
  120  7:11  Zergling x2  
  120  7:12  Zergling x2  
  119  7:36  Zergling x8  
  119  7:37  Zergling x12, Overseer  
  119  7:42  Hydralisk  
  119  7:43  Overlord  
  121  7:50  Overlord x2  
  121  7:53  Baneling  
  121  7:54  Baneling x6  
  121  7:55  Overlord  
  120  8:09  Hydralisk x7  
  134  8:16  Hydralisk x2  
  134  8:19  Overseer  
  132  8:21  Overlord  
Show
View Real Time Build Order
Export as new Build Order

Maplez Protoss - Winner!

Build Orders: Nexus First, Oracle Opening 

Get SALT Encoding   

  12  0:01  Probe (Chrono Boost)  
  13  0:11  Probe (Chrono Boost)  
  14  0:17  Pylon  
  14  0:22  Probe (Chrono Boost)  
  15  0:35  Probe (Chrono Boost)  
  16  0:46  Probe (Chrono Boost)  
  17  0:56  Probe (Chrono Boost)  
  18  1:04  Nexus  
  18  1:07  Probe (Chrono Boost)  
  19  1:18  Gateway  
  19  1:21  Probe (Chrono Boost)  
  20  1:25  Assimilator  
  20  1:30  Assimilator  
  20  1:33  Probe (Chrono Boost)  
  21  1:44  Probe (Chrono Boost)  
  22  1:54  Probe (Chrono Boost)  
  22  1:58  Pylon  
  23  2:12  Cybernetics Core  
  23  2:16  Probe x2 (Chrono Boost)  
  25  2:26  Probe (Chrono Boost)  
  25  2:27  Probe (Chrono Boost)  
  28  2:37  Probe x2 (Chrono Boost)  
  28  2:45  Adept  
  28  2:48  Probe (Chrono Boost)  
  28  2:49  Probe (Chrono Boost), Warp Gate  
  32  2:54  Pylon  
  32  2:58  Probe (Chrono Boost), Stargate  
  32  3:01  Probe (Chrono Boost)  
  32  3:04  Pylon  
  34  3:09  Probe (Chrono Boost)  
  34  3:11  Stalker  
  34  3:12  Probe (Chrono Boost)  
  39  3:20  Probe (Chrono Boost)  
  39  3:23  Probe (Chrono Boost)  
  40  3:30  Probe (Chrono Boost)  
  40  3:33  Probe (Chrono Boost)  
  42  3:35  Nexus  
  42  3:37  Oracle  
  43  3:42  Probe (Chrono Boost)  
  43  3:46  Zealot  
  45  3:54  Probe (Chrono Boost)  
  49  3:56  Mothership Core (Chrono Boost), Assimilator  
  49  3:57  Assimilator  
  49  4:06  Probe (Chrono Boost)  
  50  4:13  Phoenix  
  50  4:16  Probe x2 (Chrono Boost)  
  54  4:17  Pylon  
  54  4:25  Fleet Beacon  
  54  4:35  Probe (Chrono Boost)  
  54  4:36  Probe (Chrono Boost)  
  54  4:37  Pylon  
  56  4:46  Probe (Chrono Boost)  
  56  4:47  Probe (Chrono Boost)  
  56  4:48  Protoss Air Weapons Level 1  
  56  4:50  Probe (Chrono Boost)  
  59  4:56  Probe (Chrono Boost)  
  59  4:57  Probe (Chrono Boost)  
  65  5:00  Probe (Chrono Boost)  
  67  5:07  Probe (Chrono Boost)  
  67  5:08  Probe (Chrono Boost)  
  67  5:11  Probe (Chrono Boost), Zealot  
  67  5:13  Carrier  
  71  5:17  Probe (Chrono Boost)  
  71  5:18  Probe (Chrono Boost)  
  71  5:20  Stargate  
  75  5:21  Probe (Chrono Boost)  
  75  5:26  Pylon  
  75  5:28  Probe (Chrono Boost)  
  77  5:29  Gateway, Probe (Chrono Boost)  
  77  5:31  Forge  
  77  5:32  Probe (Chrono Boost)  
  79  5:38  Probe (Chrono Boost)  
  79  5:39  Probe (Chrono Boost)  
  79  5:42  Probe (Chrono Boost), Sentry  
  84  5:45  Assimilator  
  84  5:49  Probe (Chrono Boost), Pylon, Assimilator  
  85  5:50  Probe (Chrono Boost)  
  85  5:55  Probe (Chrono Boost)  
  93  6:01  Pylon  
  93  6:02  Pylon  
  93  6:08  Probe x2 (Chrono Boost)  
  95  6:13  Carrier  
  95  6:17  Probe (Chrono Boost)  
  97  6:19  Probe (Chrono Boost)  
  97  6:21  Probe (Chrono Boost)  
  97  6:25  Gateway x2  
  104  6:30  Gateway  
  104  6:31  Gateway  
  104  6:33  Twilight Council  
  104  6:34  Pylon  
  104  6:36  Void Ray  
  104  6:37  Adept  
  104  6:38  Adept  
  108  6:44  Pylon  
  112  6:47  Pylon  
  112  6:54  Nexus  
  112  6:57  Resonating Glaives  
  112  6:58  Graviton Catapult  
  112  7:04  Pylon  
  112  7:05  Pylon  
  112  7:06  Adept x2  
  116  7:15  Probe (Chrono Boost)  
  117  7:20  Photon Cannon  
  119  7:23  Probe x2 (Chrono Boost)  
  119  7:24  Photon Cannon  
  117  7:32  Adept  
  117  7:33  Adept x3  
  125  7:37  Pylon  
  125  7:40  Gateway  
  125  7:41  Gateway  
  125  7:42  Gateway  
  125  7:43  Oracle  
  134  7:56  Pylon  
  134  7:57  Adept x3  
  140  7:59  Adept  
  142  8:18  Adept x2  
  142  8:19  Adept  
  148  8:33  Adept  
  148  8:34  Adept x2  
  136  8:42  Adept x3  
Tags
 
Add a new tag
Caveats
  • Supply blocks, unpowered buildings, or Contaminate may cause inaccurate times.
  • Supply counts are checked every 10 seconds.